Map: Oxide LE

Players

Clem - Winner!

  • Race: Terran Terran
  • Spawn Location: 1:00

Serral

  • Race: Zerg Zerg
  • Spawn Location: 7:00

Event: IEM Katowice 2021

VOD

Have the link to the VOD?

Description

Time

  • Played on: Feb. 26, 2021, 12:39 p.m.
  • Length: 9:28

All games in this series

Show
View Real Time Build Order
Export as new Build Order

Clem Terran - Winner!

Build Orders: Reaper Expand 

Get SALT Encoding   

  12  0:00  SCV  
  13  0:12  SCV  
  14  0:17  Supply Depot  
  14  0:24  SCV  
  15  0:38  SCV  
  15  0:40  Barracks  
  16  0:43  Refinery  
  16  0:50  SCV  
  17  1:02  SCV  
  18  1:15  SCV  
  19  1:26  Reaper  
  19  1:27  Orbital Command  
  20  1:38  Command Center  
  20  1:46  Supply Depot  
  20  1:53  SCV  
  21  1:58  Marine  
  22  2:05  SCV  
  23  2:09  Factory  
  23  2:18  SCV  
  23  2:19  Barracks Reactor  
  24  2:30  SCV  
  25  2:38  Command Center  
  25  2:42  SCV  
  26  2:50  Orbital Command  
  26  2:54  SCV  
  26  2:58  Barracks  
  27  3:06  SCV, Barracks Tech Lab  
  27  3:09  Hellion  
  27  3:12  Hellion  
  32  3:16  SCV  
  32  3:18  SCV  
  34  3:21  Refinery  
  34  3:25  Marine  
  34  3:26  Stimpack  
  35  3:28  SCV  
  35  3:30  SCV  
  37  3:40  SCV  
  38  3:43  SCV, Marine  
  38  3:48  Starport  
  40  3:50  Orbital Command  
  40  3:54  SCV, Marine x2  
  45  3:56  SCV, Factory Reactor  
  45  4:01  Marine  
  45  4:02  Supply Depot  
  45  4:06  SCV  
  45  4:09  SCV  
  47  4:12  Marine x2  
  47  4:16  SCV  
  50  4:18  SCV  
  50  4:19  Marine  
  50  4:21  SCV  
  53  4:26  Supply Depot  
  53  4:28  SCV  
  53  4:29  Marine x2  
  53  4:30  SCV  
  57  4:32  Refinery  
  57  4:33  SCV  
  57  4:34  Medivac  
  57  4:36  Medivac, Marine  
  63  4:40  Factory Tech Lab  
  63  4:41  Barracks  
  63  4:43  SCV  
  65  4:46  Orbital Command  
  65  4:47  SCV, Marine x2  
  65  4:48  Supply Depot  
  67  4:53  Refinery  
  67  4:54  Engineering Bay  
  67  4:55  SCV, Engineering Bay  
  67  4:57  Marine  
  67  4:59  SCV  
  70  5:04  Siege Tank  
  70  5:05  Marine  
  70  5:06  Supply Depot  
  74  5:09  SCV  
  74  5:11  SCV, Supply Depot  
  74  5:12  SCV  
  77  5:16  Marine x2  
  77  5:18  Combat Shield  
  77  5:21  SCV  
  80  5:23  SCV  
  80  5:24  Marine  
  80  5:27  Terran Infantry Weapons Level 1  
  82  5:29  SCV  
  82  5:33  SCV, Supply Depot, Terran Infantry Armor Level 1, Marine  
  82  5:35  Barracks Reactor  
  85  5:37  Marine  
  85  5:38  Supply Depot  
  85  5:39  SCV  
  87  5:46  Marine  
  87  5:47  Siege Tank  
  87  5:49  SCV, Supply Depot  
  93  5:50  SCV  
  93  5:51  Marine  
  93  5:52  SCV  
  93  5:56  Marine  
  96  6:00  Barracks  
  96  6:01  Barracks  
  96  6:04  SCV x2  
  96  6:05  Medivac  
  96  6:06  Medivac  
  96  6:10  Marine x2  
  96  6:11  Supply Depot, Marine  
  104  6:12  Marine  
  104  6:15  SCV  
  104  6:16  SCV  
  108  6:20  Siege Tank  
  110  6:26  Marine, Supply Depot x2  
  110  6:28  SCV, Marine x2  
  110  6:29  SCV  
  110  6:30  SCV  
  110  6:32  Marine  
  117  6:36  Marine  
  118  6:40  Medivac x2  
  118  6:44  Marine  
  118  6:45  Refinery  
  123  6:47  Factory  
  123  6:52  Marine x3  
  123  6:53  Armory  
  127  6:56  Marine  
  129  7:02  Marine  
  129  7:03  Barracks Reactor x2  
  129  7:08  SCV  
  129  7:10  Marine  
  129  7:17  Marine  
  129  7:18  SCV  
  129  7:20  SCV  
  129  7:21  Marine x2  
  108  7:23  Medivac x2  
  108  7:24  Marine  
  108  7:25  SCV  
  108  7:27  Marine  
  115  7:34  SCV, Factory Reactor  
  115  7:35  Marine  
  117  7:38  Command Center, Siege Tank, Marine  
  117  7:39  Marine  
  117  7:40  SCV  
  117  7:42  Marine  
  124  7:44  Marine x2  
  124  7:45  SCV, Supply Depot, Marine  
  124  7:46  SCV, Marine  
  129  7:52  SCV  
  125  7:58  Marine  
  125  8:00  Marine x4  
  125  8:02  Marine  
  125  8:04  SCV  
  131  8:06  SCV, Marine  
  131  8:09  Marine x2  
  135  8:14  SCV  
  135  8:15  Orbital Command  
  135  8:16  SCV, Marine  
  135  8:17  Marine  
  138  8:21  Widow Mine x2  
  138  8:22  Marauder, Marine x2, Siege Tank  
  138  8:25  SCV  
  146  8:27  Marine  
  146  8:29  Supply Depot  
  139  8:34  Marine  
  139  8:36  SCV  
  139  8:38  SCV  
  139  8:44  Marauder, Marine  
  139  8:45  Marine  
  139  8:46  Widow Mine x2, Marine x2  
  139  8:47  Marine x2  
  148  8:48  SCV  
  148  8:51  Marine  
  148  8:54  Siege Tank  
  149  8:56  Medivac  
Show
View Real Time Build Order
Export as new Build Order

Serral Zerg 

Build Orders: Hatch First 

Get SALT Encoding   

  12  0:00  Drone  
  13  0:12  Overlord  
  13  0:16  Drone  
  14  0:30  Drone x2  
  16  0:46  Hatchery  
  15  0:50  Drone  
  15  0:53  Drone  
  17  0:57  Drone  
  18  1:07  Extractor  
  17  1:12  Spawning Pool  
  17  1:15  Drone  
  17  1:18  Drone  
  18  1:27  Drone  
  19  1:38  Drone  
  20  1:49  Drone  
  21  1:58  Queen x2  
  21  1:59  Zergling x2  
  21  2:00  Zergling x2  
  27  2:10  Overlord  
  27  2:11  Drone  
  28  2:22  Hatchery  
  27  2:24  Drone  
  28  2:32  Drone  
  28  2:33  Drone x2  
  31  2:39  Queen  
  33  2:45  Metabolic Boost  
  33  2:49  Overlord  
  33  2:52  Drone  
  33  2:54  Drone  
  33  2:56  Drone  
  36  3:02  Overlord  
  36  3:08  Drone x3  
  36  3:09  Drone  
  40  3:15  Drone  
  40  3:17  Drone  
  40  3:19  Queen  
  44  3:24  Queen  
  46  3:30  Overlord  
  46  3:34  Queen  
  46  3:36  Drone  
  46  3:38  Drone  
  46  3:39  Drone  
  51  3:42  Zergling x4  
  51  3:44  Zergling x2  
  51  3:46  Overlord  
  55  3:48  Drone  
  55  3:50  Drone  
  55  3:51  Drone  
  57  3:57  Queen  
  57  3:59  Overlord  
  60  4:02  Drone  
  60  4:03  Drone  
  60  4:04  Drone  
  60  4:07  Drone x2  
  60  4:09  Zergling x2  
  65  4:11  Overlord  
  65  4:13  Zergling x2  
  65  4:14  Drone  
  65  4:16  Drone  
  68  4:17  Drone  
  68  4:18  Drone  
  70  4:26  Overlord  
  70  4:28  Drone x2  
  72  4:31  Lair  
  72  4:33  Drone x3  
  72  4:36  Baneling Nest  
  74  4:39  Evolution Chamber  
  74  4:40  Overlord, Extractor x2  
  74  4:42  Drone  
  74  4:44  Drone x2  
  74  4:46  Drone x2  
  74  4:51  Extractor, Drone x3  
  78  4:57  Zergling x4  
  78  4:58  Drone  
  81  5:05  Hatchery  
  80  5:07  Drone x3  
  80  5:08  Zerg Ground Armor Level 1  
  80  5:10  Zergling x2  
  80  5:13  Zergling x4  
  86  5:17  Zergling x8  
  86  5:21  Overlord  
  90  5:22  Baneling x3  
  90  5:23  Baneling x2  
  90  5:24  Overlord  
  90  5:31  Zergling x8  
  90  5:32  Overlord  
  90  5:33  Overseer  
  93  5:36  Overlord  
  93  5:37  Overlord  
  93  5:41  Overlord  
  91  5:48  Zergling x8  
  94  5:50  Baneling x3  
  94  5:51  Drone x5  
  94  5:54  Centrifical Hooks  
  94  5:56  Overlord  
  99  6:00  Baneling x3  
  99  6:02  Drone x2  
  101  6:04  Baneling  
  101  6:07  Evolution Chamber  
  101  6:08  Drone x3  
  103  6:15  Zergling x2  
  101  6:22  Zergling x6  
  101  6:23  Zergling x8  
  101  6:24  Zergling x10  
  112  6:27  Queen  
  112  6:30  Overlord  
  112  6:31  Overlord, Drone  
  112  6:32  Drone  
  116  6:34  Zergling x2  
  117  6:41  Baneling x5  
  117  6:44  Zergling x8  
  117  6:45  Baneling x6  
  121  6:49  Baneling x9  
  121  6:51  Zergling x4  
  123  6:54  Zergling x4  
  123  7:00  Zergling x20  
  135  7:03  Zerg Melee Weapons Level 1, Queen  
  120  7:20  Zergling x14  
  120  7:22  Baneling x7  
  111  7:29  Zergling x16  
  118  7:33  Zergling x2  
  118  7:34  Zergling x8  
  122  7:40  Queen  
  122  7:44  Zergling x8, Baneling x9  
  123  7:48  Zergling x4  
  120  7:58  Zergling x16  
  120  8:00  Hatchery  
  118  8:08  Zergling x14  
  118  8:11  Overseer  
  122  8:13  Baneling x6  
  122  8:17  Queen  
  122  8:18  Zergling x12  
  122  8:19  Zergling x2  
  131  8:21  Baneling x10  
  131  8:24  Zergling x2  
  132  8:33  Zergling x2  
  132  8:34  Zergling x16  
  123  8:36  Baneling x6  
  123  8:40  Zergling x2  
  123  8:41  Zergling x2  
  120  8:46  Zergling x4  
  120  8:47  Hatchery  
  110  8:52  Zergling x10  
  110  8:55  Baneling x6  

Tags
 
Add a new tag
Caveats
  • Supply blocks, unpowered buildings, or Contaminate may cause inaccurate times.
  • Supply counts are checked every 10 seconds.